 Dungeon Crawl Stone Soup version 0.31-a0-841-g038b102fc3 (webtiles) character file.

Game seed: 11986763748327801944

143 javelincjr the Ruffian (level 5, -2/49 HPs)
             Began as a Troll Shapeshifter on Sept 27, 2023.
             Slain by a gnoll
             ... wielding a +0 spear
              (6 damage)
             ... on level 3 of the Dungeon.
             The game lasted 00:04:51 (1586 turns).

javelincjr the Ruffian (Troll Shapeshifter)         Turns: 1586, Time: 00:04:52

Health: -2/49      AC:  4    Str: 24    XL:     5   Next: 4%
Magic:  4/4        EV: 10    Int:  6    God:
Gold:   190        SH:  0    Dex:  9    Spells: 4/4 levels left

rFire   . . .        b - +4 whip
rCold   . . .        (no shield)
rNeg    . . .        a - +0 animal skin
rPois   .            (helmet currently unavailable)
rElec   .            (cloak currently unavailable)
rCorr   .            (gloves unavailable)
SInv    .            (boots unavailable)
Will    .....        (no amulet)
Stlth   +            j - ring of wizardry
HPRegen 1.08/turn    n - ring of wizardry
MPRegen 0.09/turn

%: wizardry (x2)
@: mighty, beast-form
A: beast (slay +2), large, unfitting armour, claws 3, regeneration 1, shaggy fur
1, tough skin 1
a: Begin Untransformation


You were on level 3 of the Dungeon.
You were a hulking beast.
You visited 1 branch of the dungeon, and saw 3 of its levels.

You collected 190 gold pieces.

Inventory:

Hand Weapons
 b - a +4 whip (weapon)
 k - a +2 long sword of protection
Missiles
 e - 3 poisoned darts
Armour
 a - a +0 animal skin (worn)
 h - a +0 kite shield
Jewellery
 j - a ring of wizardry (left claw)
 n - a ring of wizardry (right claw)
Talismans
 c - a beast talisman (active)
 d - a flux talisman
Scrolls
 g - a scroll of enchant weapon {unknown}
 i - 3 scrolls of identify {unknown}
 l - a scroll of enchant armour {unknown}
Potions
 m - a potion of might
 o - a potion of curing {unknown}


   Skills:
 + Level 1.7 Fighting
 + Level 2.2 Dodging
 * Level 4.1 Unarmed Combat
 * Level 3.9 Shapeshifting


You had 4 spell levels left.
You didn't know any spells.
Your spell library contained the following spells:

 Spells                   Type           Power      Damage    Failure   Level
 Summon Small Mammal      Summ           0%         N/A       13%         1
 Call Canine Familiar     Summ           0%         N/A       36%         3
 Dazzling Flash           Conj/Hex       0%         N/A       36%         3
 Summon Guardian Golem    Hex/Summ       0%         N/A       36%         3
 Agony                    Necr           0%         N/A       96%         5
 Silence                  Hex/Air        0%         N/A       96%         5


Dungeon Overview and Level Annotations

Branches:
Dungeon (3/15)

Altars:
Ru

Shops:
D:3 *


Innate Abilities, Weirdness & Mutations

You are a hulking beast.
Your limbs bulge with bestial killing power. (Slay +2)
You are too large for most types of armour.
You have claws for hands.
Your natural rate of healing is unusually fast.
You are covered in fur. (AC +1)
You have tough skin. (AC +1)


Message History

* * * LOW HITPOINT WARNING * * *
The gnoll hits you but does no damage.
You hit the quokka.
You kill the quokka!
The gnoll barely misses you.
You miss the quokka.
You feel less invigorated.
You feel less confused. The quokka barely misses you.
The gnoll hits you from afar with a +0 spear!
* * * LOW HITPOINT WARNING * * *
You barely miss the quokka. The quokka misses you. The gnoll barely misses you.
The quokka closely misses you.
You closely miss the quokka. The gnoll completely misses you.
The quokka barely misses you.
You barely miss the quokka. You claw the quokka, but do no damage.
The gnoll hits you from afar with a +0 spear.
* * * LOW HITPOINT WARNING * * *
The quokka closely misses you.
You miss the quokka. The quokka closely misses you.
The gnoll barely misses you. The quokka misses you.
You miss the quokka. The gnoll barely misses you.
The quokka bites you but does no damage.
The gnoll barely misses you.
You closely miss the quokka. The quokka barely misses you.
The gnoll hits you from afar with a +0 spear.
* * * LOW HITPOINT WARNING * * *
You hit the quokka.
The quokka is almost dead.
The quokka bites you but does no damage.
The gnoll hits you from afar with a +0 spear!
* * * LOW HITPOINT WARNING * * *
The quokka bites you but does no damage.
It was a potion of might.
You feel very mighty all of a sudden. The gnoll closely misses you.
The quokka barely misses you.
You closely miss the quokka.
The quokka is almost dead.
The quokka bites you but does no damage.
The gnoll hits you from afar with a +0 spear.
You die...

.[....# #.)..###
# ....!#
###....#
#.#....#
###..##.###
.......
##...###...#
#....## #..###
###..
#..†∩.#######.##
###
##.....#.......#
#.....g#......##
#....Kgrh.....#
#..##..g#......#
#.. ###.#......#
#. #...###### g
###.? ###


You could see 3 gnolls, a quokka and a kobold.

Vanquished Creatures
  Natasha (D:2)
  5 gnolls
  2 adders
  A dart slug (D:1)
  4 ball pythons
  3 bats (D:1)
  4 endoplasms
  3 giant cockroaches
  3 goblins
  2 hobgoblins
  7 jackals
  4 quokkas
  A frilled lizard (D:1)
  4 kobolds
  2 rats
46 creatures vanquished.

Notes
Turn   | Place    | Note
-------+----------+-------------------------------------------
     0 | D:1      | javelincjr the Troll Shapeshifter began the quest for the
                  | Orb.
     0 | D:1      | Reached XP level 1. HP: 18/18 MP: 0/0
   266 | D:1      | Reached skill level 1 in Fighting
   295 | D:1      | Reached XP level 2. HP: 27/27 MP: 1/1
   744 | D:1      | Reached XP level 3. HP: 33/33 MP: 2/2
  1139 | D:2      | Found a sacrificial altar of Ru.
  1271 | D:2      | HP: 1/33 [gnoll/+4 whip (6)]
  1282 | D:2      | Reached XP level 4. HP: 41/41 MP: 3/3
  1435 | D:2      | Noticed Natasha
  1439 | D:2      | Killed Natasha
  1440 | D:2      | Reached skill level 4 in Unarmed Combat
  1551 | D:3      | Found Taborix's Assorted Antiques.
  1575 | D:3      | Reached XP level 5. HP: 3/49 MP: 4/4
  1584 | D:3      | HP: 1/49 [gnoll/+0 spear (7)]
  1586 | D:3      | Slain by a gnoll

Illustrated notes

Levels and vault maps discovered:
D:1:      amcnicky_arrival_blooded_trapdoor, layout_basic
D:2:      layout_basic, basic_altar, uniq_natasha
D:3:      layout_rooms, eat_drink_and_be_merry_uskayaw, serial_shops, shop,
          uniq_ijyb

Skill      XL: |  1  2  3  4 |
---------------+-------------+-----
Fighting       | 1 |  1.7
Dodging        | 2 |  2.2
Unarmed Combat | 4 |  4.1
Shapeshifting  | |  3.9

Action                     |  1- 3 |  4- 6 || total
---------------------------+-------+-------++-------
  Melee: Unarmed           |    74 |     1 ||    75
         Punch             |     1 |     1 ||     2
         Whip              |       |    47 ||    47
    Use: Potion            |     2 |     2 ||     4
   Stab: Sleeping          |     1 |       ||     1
 Armour: Animal skin       |    46 |    52 ||    98
         Skin              |     8 |       ||     8
  Dodge: Dodged            |    25 |    39 ||    64

Table legend: (Time is in decaauts)
 A = Elapsed time spent in this place.
 B = Non-inter-level travel time spent in this place.
 C = Inter-level travel time spent in this place.
 D = Time resting spent in this place.
 E = Time spent auto-exploring this place.
 F = Levels seen in this place.
 G = Mean time per level.
                   A        B        C        D        E       F      G
               +--------+--------+--------+--------+--------+-----+--------+
         Total |   1583 |   1542 |     41 |     19 |   1214 |   3 |  527.7 |
       Dungeon |   1583 |   1542 |     41 |     19 |   1214 |   3 |  527.7 |
               +--------+--------+--------+--------+--------+-----+--------+

Top non-repeatable levels by time:
     D:1: 943 daAuts
     D:2: 524 daAuts
     D:3: 115 daAuts
